 Dungeon Crawl Stone Soup version 0.25.1-1-g288607f (webtiles) character file.

Game seed: 9347694039103674435

144 Jonnyslop the Vexing (level 5, -6/24 HPs)
             Began as a Spriggan Enchanter on Nov 23, 2020.
             Mangled by a wight
             ... wielding a +0 spear
              (9 damage)
             ... on level 3 of the Dungeon.
             The game lasted 00:05:39 (3257 turns).

Jonnyslop the Vexing (Spriggan Enchanter)           Turns: 3257, Time: 00:05:40

Health: -6/24      AC:  2    Str:  4    XL:     5   Next: 5%
Magic:  4/11       EV: 16    Int: 17    God:
Gold:   123        SH:  0    Dex: 17    Spells: 2/11 levels left

rFire    . . .     SeeInvis +   j - +2 dagger (venom)
rCold    . . .     Gourm    .   (shield restricted)
rNeg     . . .     Faith    .   b - +0 robe
rPois    +         Spirit   .   (helmet restricted)
rElec    .         Reflect  .   (no cloak)
rCorr    .         Harm     .   (gloves unavailable)
MR       .....                  (boots unavailable)
Stlth    ++........             (no amulet)
HPRegen  0.08/turn              i - ring of poison resistance
MPRegen  0.12/turn              (no ring)

@: heavily drained, very quick
A: very small, unfitting armour, see invisible, herbivore, speed 3, slow
metabolism 2
a: no special abilities


You were on level 3 of the Dungeon.
You were not hungry.

You visited 1 branch of the dungeon, and saw 3 of its levels.

You collected 123 gold pieces.

Inventory:

Hand Weapons
 j - a +2 dagger of venom (weapon)
Armour
 b - a +0 robe (worn)
Jewellery
 i - a ring of poison resistance (left hand)
 k - a +4 ring of slaying {unknown}
Scrolls
 e - 2 scrolls of remove curse
 f - 2 scrolls of teleportation
Potions
 a - a potion of might {unknown}
 c - a potion of degeneration {unknown}
 g - a potion of invisibility {unknown}
Comestibles
 d - 5 rations


   Skills:
 * Level 3.8(2.0) Short Blades
 - Level 3.0(1.3) Dodging
 - Level 4.4(2.6) Stealth
 + Level 3.8(2.1) Spellcasting
 + Level 4.6(2.8) Hexes
 + Level 0.5(0.0) Ice Magic


You had 2 spell levels left.
You knew the following spells:

 Your Spells              Type           Power        Failure   Level  Hunger
a - Ensorcelled Hibernat  Hex/Ice        #.....       16%         2    ###....
b - Corona                Hex            ##.....      6%          1    #......
c - Confusing Touch       Hex            ##......     19%         3    ###....
d - Tukima's Dance        Hex            ##......     19%         3    ###....

Your spell library contained the following spells:

 Spells                   Type           Power        Failure   Level  Hunger
 Dazzling Flash           Conj/Hex       #.....       32%         3    ###....


Dungeon Overview and Level Annotations

Branches:
Dungeon (3/15)

Altars:
Uskayaw


Innate Abilities, Weirdness & Mutations

You are very small and have problems with some larger weapons.
You are too small for most types of armour.
You have supernaturally acute eyesight. (SInv)
You are a herbivore.
You cover ground extremely quickly.
You need to consume almost no food.


Message History

The wight is almost destroyed.
The wight hits you with a +0 spear.
* * * LOW HITPOINT WARNING * * *
You feel drained.
* * * LOW HITPOINT WARNING * * *
You hit the wight.
The wight is almost destroyed.
The wight closely misses you.
You hit the wight but do no damage.
The wight is almost destroyed.
The wight closely misses you.
You barely miss the wight.
The wight is almost destroyed.
You hit the wight but do no damage.
The wight is almost destroyed.
The wight closely misses you.
You closely miss the wight.
The wight is almost destroyed.
The wight hits you with a +0 spear!
You die...

######...###..# #..# #####...#
#..# #..# #.......###..####..#
#.###..............# ###########
#.##...>..........####........>#
#.##....<##########..#.#######.#
#.##.#####..####..'..#.# #.#
#.##.# #......z.#..#.#######.#
#.##.# #.....@..#..##.........
#.##.# #..#'##..#...########.#
#.##.# ####..####z..# #.#
#.##.#######8..#..'..#########.#
#.##..#.......##..#..##.........
#.##..).......##..#...####.##.##
#.##.#######8..#[.#...# ##.##.##
#.##.# ##..######)# #...#.#.
#.##.########+## .?###...#.#.


You could see a wight.

Vanquished Creatures
  A worker ant (D:3)
  6 adders
  3 worms
  3 dart slugs
  2 leopard geckos (D:2)
  2 orcs (D:3)
  2 giant cockroaches
  4 goblins
  6 hobgoblins
  2 quokkas (D:3)
  A ball python (D:2)
  5 bats
  2 frilled lizards
  5 kobolds
  12 rats
56 creatures vanquished.

Notes
Turn   | Place    | Note
-------+----------+-------------------------------------------
     0 | D:1      | Jonnyslop the Spriggan Enchanter began the quest for the
                  | Orb.
     0 | D:1      | Reached XP level 1. HP: 9/9 MP: 5/5
   311 | D:1      | Reached XP level 2. HP: 13/13 MP: 6/6
   315 | D:1      | Learned a level 2 spell: Ensorcelled Hibernation
  1437 | D:2      | Found a faded altar of an unknown god.
  1653 | D:2      | Reached XP level 3. HP: 16/16 MP: 8/8
  1658 | D:2      | Learned a level 3 spell: Confusing Touch
  1661 | D:2      | Found a hide-covered altar of Uskayaw.
  2145 | D:3      | Reached XP level 4. HP: 21/21 MP: 8/10
  2153 | D:3      | Learned a level 3 spell: Tukima's Dance
  3127 | D:3      | Reached XP level 5. HP: 19/24 MP: 11/11
  3257 | D:3      | Mangled by a wight

Illustrated notes

Levels and vault maps discovered:
D:1:      shiori_arrival_elements, layout_basic, hangedman_decor_opposing
D:2:      cheibrodos_old_hovel, layout_loops_cross, lemuel_crystal_altar,
          chequers_ecumenical_altar_simple
D:3:      minmay_chambers_of_twos, layout_loops_ring

Skill      XL: |  1  2  3 |
---------------+----------+-----
Spellcasting   | 3 |  3.8
Short Blades   | 2 3 |  3.8
Hexes          | 4 |  4.6
Dodging        | |  3.0
Stealth        | |  4.4
Ice Magic      | |  0.5

Action                   |  1- 3 |  4- 6 || total
-------------------------+-------+-------++-------
Melee: Dagger            |    85 |    78 ||   163
 Cast: Corona            |     1 |       ||     1
       Ensorcelled Hiber |    19 |     9 ||    28
       Confusing Touch   |       |     1 ||     1
  Use: Scroll            |     4 |     2 ||     6
       Potion            |     1 |     1 ||     2
 Stab: Sleeping          |    18 |    10 ||    28
       Distracted        |     1 |       ||     1
       Confused          |       |     1 ||     1
  Eat: Ration            |       |     1 ||     1
Armor: Robe              |     6 |     5 ||    11
Dodge: Dodged            |    66 |    34 ||   100
